 Dungeon Crawl Stone Soup version 0.19.4 (webtiles) character file.

52 vatarom the Insei (level 3, -5/23 HPs)
             Began as an Octopode Transmuter on Feb 2, 2017.
             Slain by a worm (10 damage)
             ... on level 2 of the Dungeon.
             The game lasted 00:01:51 (1201 turns).

vatarom the Insei (Octopode Transmuter)             Turns: 1201, Time: 00:01:51

Health: -5/23      AC:  2    Str:  9    XL:     3   Next: 85%
Magic:  3/6        EV: 20    Int: 15    God:
Gold:   67         SH:  0    Dex: 18    Spells: 3 memorised, 0 levels left

rFire  . . .     SeeInvis .       - Unarmed
rCold  . . .     Gourm    .     (shield currently unavailable)
rNeg   . . .     Faith    .     (helmet currently unavailable)
rPois  x         Spirit   .     (no amulet)
rElec  .         Reflect  .     (no ring)
rCorr  .         Harm     .     (no ring)
MR     .....                    (no ring)
Stlth  ++........               (no ring)
                                (no ring)
                                (no ring)
                                (no ring)
                                (no ring)

@: lethally poisoned (-5 -> -8), spider-form (expiring)
A: almost no armour, stealthy swim, (amphibious), 8 rings, (constrict 8), rugged
brown scales 1, (camouflage 0), (gelatinous body 0)
a: End Transformation


You were on level 2 of the Dungeon.
You were not hungry.
You were a venomous arachnid creature.
You visited 1 branch of the dungeon, and saw 2 of its levels.

You collected 67 gold pieces.

Inventory:

Missiles
 a - 10 arrows
Potions
 e - a potion of might
Books
 b - a book of Changes

   Spells                             Type                      Level
   a - Beastly Appendage              Transmutation                1
   b - Sticks to Snakes               Transmutation                2
   c - Spider Form                    Transmutation/Poison         3
   d - Ice Form                       Ice/Transmutation            4
   e - Blade Hands                    Transmutation                5
Comestibles
 c - a bread ration
 d - a meat ration


   Skills:
 - Level 1.0 Fighting
 - Level 2.0 Dodging
 * Level 4.1 Unarmed Combat
 + Level 2.4 Spellcasting
 + Level 2.3 Transmutations


You couldn't memorise any spells.
You knew the following spells:

 Your Spells              Type           Power        Failure   Level  Hunger
a - Beastly Appendage     Tmut           #.....       28%         1    #......
b - Sticks to Snakes      Tmut           #.......     32%         2    ###....
c - Spider Form           Tmut/Pois      #.........   65%         3    ###....


Dungeon Overview and Level Annotations

Branches:
Dungeon (2/15)

Altars:


Innate Abilities, Weirdness & Mutations

You cannot wear most types of armour.
You are very stealthy in the water. (Stealth+)
((You are amphibious.))
You can wear up to eight rings at the same time.
((You can use your tentacles to constrict eight enemies at once.))
((Your skin changes colour to match your surroundings (Stealth+).))
((Your rubbery body absorbs attacks. (AC +1, EV +1)))
(You are partially covered in rugged brown scales. (AC +1, +3% HP))


Message History

You constrict the adder.
You feel sick. The adder bites you.
You are too injured to fight recklessly!
You are too injured to fight recklessly!
You tentacle-slap the adder.
You kill the adder!
The hobgoblin shouts!
The leopard gecko hisses angrily.
Casting: Sticks to Snakes
Confirm with . or Enter, or press ? or * to list all spells.
You turn into a venomous arachnid creature.
Your transformation is almost over.
You hit the worm.
The worm is poisoned.
The worm is lightly wounded.
You feel sick. The worm bites you.
* * * LOW HITPOINT WARNING * * *
You hit the worm.
The worm looks as sick as possible!
The worm is lightly wounded.
You hit the worm.
The worm looks as sick as possible!
The worm is severely wounded.
The worm bites you!
You die...

#.#.#.# #.#
#...#.# #.# #..#.#
#.# #..#.#
#.########.#
.#.####..........#
>...!.......####.#
#..........#
#..........#
#...$ws....#
#)....†.l.....
#.......g.....#
#.............#
#.............#
##########....#
.... ?..


You could see a worm, a leopard gecko and a hobgoblin.

Vanquished Creatures
  2 adders (D:2)
  A worm (D:2)
  2 dart slugs
  A leopard gecko (D:1)
  A giant cockroach (D:1)
  A goblin (D:1)
  2 hobgoblins
  5 bats (D:1)
  2 kobolds (D:2)
  4 rats
21 creatures vanquished.

Vanquished Creatures (collateral kills)
  An adder (D:2)
  An ooze (D:2)
2 creatures vanquished.

Grand Total: 23 creatures vanquished

Notes
Turn   | Place    | Note
-------+----------+-------------------------------------------
     0 | D:1      | vatarom the Octopode Transmuter began the quest for the Orb.
     0 | D:1      | Reached XP level 1. HP: 13/13 MP: 3/3
   306 | D:1      | Gained mutation: You are partially covered in rugged brown scales. (AC +1, +3% HP) [potion of beneficial mutation]
   418 | D:1      | Reached XP level 2. HP: 18/18 MP: 5/5
   956 | D:2      | Reached XP level 3. HP: 9/23 MP: 3/6
   968 | D:2      | Learned a level 2 spell: Sticks to Snakes
   972 | D:2      | Learned a level 3 spell: Spider Form
   997 | D:2      | Reached skill level 4 in Unarmed Combat
  1201 | D:2      | Slain by a worm

Skill      XL: |  1  2  3 |
---------------+----------+-----
Unarmed Combat | 4 |  4.1
Fighting       | |  1.0
Dodging        | |  2.0
Spellcasting   | |  2.4
Transmutations | |  2.3

Action                   || total
-------------------------++-------
Melee: Unarmed           ||    54
       Constrict         ||    12
       Tentacles         ||    10
       Punch             ||     2
       Kick              ||     3
 Cast: Beastly Appendage ||     1
       Sticks to Snakes  ||     2
       Spider Form       ||     1
  Use: Potion            ||     4
       Scroll            ||     3
 Stab: Sleeping          ||     7
  Eat: Chunk             ||     1
Armor: Skin              ||     8
Dodge: Dodged            ||    30
